 Dungeon Sprint DCSS version 0.19.5 (webtiles) character file.

297 JeffiDaFish the Fighter (level 6, -10/118 HPs)
             Began as an Ogre Berserker on Dec 9, 2017.
             Was a Believer of Trog.
             Mangled by a slime creature (19 damage)
             ... in the Dungeon (Sprint I: "Red Sonja").
             The game lasted 00:01:11 (661 turns).

JeffiDaFish the Fighter (Ogre Berserker)             Turns: 661, Time: 00:01:12

Health: -10/118    AC:  3    Str: 28    XL:     6   Next: 35%
Magic:  6/6        EV: 13    Int:  6    God:    Trog [**....]
Gold:   108        SH:  0    Dex: 11    Spells: 0 memorised, 5 levels left

rFire  . . .     SeeInvis .     e - +0 scythe
rCold  . . .     Gourm    .     j - +0 robe
rNeg   . . .     Faith    .     (shield currently unavailable)
rPois  .         Spirit   .     (helmet restricted)
rElec  .         Reflect  .     (no cloak)
rCorr  .         Harm     .     (gloves unavailable)
MR     .....     NoTele   +     (boots unavailable)
Stlth  ..........               (no amulet)
                                (no ring)
                                (no ring)

@: berserking, very quick
A: unfitting armour, tough skin 1
a: Berserk, Trog's Hand, Burn Spellbooks, Renounce Religion


You were in the Dungeon.
You worshipped Trog.
Trog was pleased with you.
You were near starving.

You visited 1 branch You collected 108 gold pieces.

Inventory:

Hand Weapons
 a - a +0 spear
 e - a +0 scythe (weapon)
Armour
 j - a +0 robe (worn)
Scrolls
 i - a scroll of blinking
Potions
 f - a potion of haste
 g - 2 potions of magic
 h - a potion of berserk rage
Comestibles
 c - a bread ration


   Skills:
 + Level 10.5 Fighting
 + Level 7.5 Polearms
 + Level 7.7 Dodging


You had 5 spell levels left.
You didn't know any spells.

Dungeon Overview and Level Annotations

Branches:
Dungeon (1/1)

Altars:
Makhleb
Sif Muna
Vehumet
Xom
Jiyva
Lugonu


Innate Abilities, Weirdness & Mutations

You are too large for most types of armour.
You have tough skin. (AC +1)


Message History

The slime creature barely misses you.
You slash the slime creature!
The slime creature is heavily wounded.
The slime creature hits you but does no damage.
There is an open door here.
You see here a +0 animal skin.
There is an open door, spattered with blood here.
The slime creature hits you but does no damage.
You feel better. The slime creature hits you.
* * * LOW HITPOINT WARNING * * *
You see here a giant club.
A red film seems to cover your vision as you go berserk!
You feel yourself moving faster!
You feel mighty!
You are near starving!
The slime creature hits you!
* * * LOW HITPOINT WARNING * * *
You slash the slime creature!
The slime creature is heavily wounded.
The slime creature hits you!!
You die...

###################
#<.#..'@J#.['..#__#
#..').#..'..#..'..+
#..#####+#####'#__#
#..# #(#### #..#
#)# #..# #..+ #⌠⌠#
..._# #### #_.#+#
##+


You could see a slime creature.

Vanquished Creatures
  Sigmund (D)
  An ogre (D)
  A jelly (D)
  Ijyb (D)
4 creatures vanquished.

Notes
Turn   | Place    | Note
-------+----------+-------------------------------------------
     0 | D        | JeffiDaFish the Ogre Berserker began the quest for the Orb.
     0 | D        | Reached XP level 1. HP: 24/24 MP: 1/1
     1 | D        | Noticed Ijyb
    41 | D        | Killed Ijyb
    41 | D        | Reached skill level 6 in Fighting
    41 | D        | Reached XP level 2. HP: 9/36 MP: 2/2
    41 | D        | Reached XP level 3. HP: 11/44 MP: 3/3
    45 | D        | Noticed an ogre
   283 | D        | Killed an ogre
   283 | D        | Reached skill level 8 in Fighting
   283 | D        | Reached skill level 5 in Polearms
   283 | D        | Reached skill level 5 in Dodging
   283 | D        | Reached XP level 4. HP: 42/57 MP: 4/4
   352 | D        | Noticed Sigmund
   381 | D        | Killed Sigmund
   381 | D        | Reached ** piety under Trog
   381 | D        | Reached skill level 10 in Fighting
   381 | D        | Reached XP level 5. HP: 20/68 MP: 5/5
   381 | D        | Reached XP level 6. HP: 23/78 MP: 6/6
   627 | D        | Found a deep blue altar of Sif Muna.
   629 | D        | Found a radiant altar of Vehumet.
   638 | D        | Found a burning altar of Makhleb.
   638 | D        | Found a viscous altar of Jiyva.
   638 | D        | Found a shimmering altar of Xom.
   638 | D        | Found a corrupted altar of Lugonu.
   638 | D        | Noticed a slime creature
   661 | D        | Mangled by a slime creature

Skill      XL: |  1  2  3  4 |
---------------+-------------+-----
Fighting       | 6 8 10 | 10.5
Polearms       | 4 5 7 |  7.5
Dodging        | 4 5 7 |  7.7

Action                   |  1- 3 |  4- 6 || total
-------------------------+-------+-------++-------
Melee: Spear             |    43 |    21 ||    64
       Scythe            |       |    16 ||    16
Invok: Berserk           |     1 |     2 ||     3
  Use: Potion            |       |     2 ||     2
 Stab: Sleeping          |       |     1 ||     1
Armor: Animal skin       |     8 |     1 ||     9
       Robe              |       |     4 ||     4
Dodge: Dodged            |    12 |    22 ||    34
